 Dungeon Crawl Stone Soup version 0.28.0-47-ge53b351184 (webtiles) character file.

Game seed: 7794234701112844120

991 Bruhh the Chiller (level 8, -6/58 HPs)
             Began as a Gnoll Ice Elementalist on Apr 30, 2022.
             Killed by nerve-wracking pain
             ... invoked by an orc priest
              (11 damage)
             ... on level 5 of the Dungeon.
             The game lasted 00:10:03 (5896 turns).

Bruhh the Chiller (Gnoll Ice Elementalist)          Turns: 5896, Time: 00:10:04

Health: -6/58      AC:  9    Str: 15    XL:     8   Next: 18%
Magic:  8/25       EV: 14    Int: 16    God:
Gold:   175        SH:  0    Dex: 12    Spells: 8/18 levels left

rFire   . . .      SeeInvis .   v - +1 short sword (speed)
rCold   . . .      Faith    .   (no shield)
rNeg    . . .      Spirit   .   a - +0 robe
rPois   .          Reflect  .   (no helmet)
rElec   .          Harm     .   (no cloak)
rCorr   .          Rampage  .   (no gloves)
Will    .....                   (no boots)
Stlth   +++.......              g - amulet of regeneration
HPRegen 0.99/turn               f - ring of magical power
MPRegen 0.19/turn               k - +6 ring of strength

@: ice-armoured, freezing walls, studying Poison Magic
A: fangs 1, strong nose, distributed training
a: no special abilities


You were on level 5 of the Dungeon.
You visited 1 branch of the dungeon, and saw 5 of its levels.
You also visited: Sewer.

You collected 175 gold pieces.

Inventory:

Hand Weapons
 v - a +1 short sword of speed (weapon)
Missiles
 w - 94 stones
Armour
 a - a +0 robe (worn)
Jewellery
 e - a ring of ice
 f - a ring of magical power (left hand)
 g - an amulet of regeneration (around neck)
 k - a +6 ring of strength (right hand)
Wands
 q - a wand of mindburst (17)
 u - a wand of iceblast (5)
Scrolls
 b - 3 scrolls of enchant weapon {unknown}
 c - 5 scrolls of teleportation {unknown}
 h - a scroll of identify {unknown}
 i - 2 scrolls of amnesia {unknown}
 j - 3 scrolls of fog {unknown}
 o - a scroll of noise {unknown}
 r - a scroll of torment {unknown}
 s - a scroll of summoning {unknown}
 t - 2 scrolls of silence {unknown}
Potions
 d - 3 potions of curing {unknown}
 l - a potion of might {unknown}
 m - 3 potions of degeneration {unknown}
 n - 2 potions of cancellation {unknown}
 p - 2 potions of haste {unknown}


   Skills:
 + Level 3.0 Fighting
 + Level 3.0 Short Blades
 + Level 3.0 Long Blades
 + Level 3.0 Axes
 + Level 3.0 Maces & Flails
 + Level 3.0 Polearms
 + Level 3.0 Staves
 + Level 3.0 Slings
 + Level 3.0 Bows
 + Level 3.0 Crossbows
 + Level 3.0 Throwing
 + Level 3.0 Armour
 + Level 5.5 Dodging
 + Level 5.2 Stealth
 + Level 3.0 Shields
 + Level 3.0 Unarmed Combat
 + Level 5.9 Spellcasting
 + Level 2.4 Conjurations
 + Level 2.4 Hexes
 + Level 2.4 Summonings
 + Level 2.4 Necromancy
 + Level 2.4 Translocations
 + Level 2.4 Transmutations
 + Level 2.4 Fire Magic
 + Level 7.5 Ice Magic
 + Level 2.4 Air Magic
 + Level 2.4 Earth Magic
 + Level 2.6 Poison Magic
 + Level 3.3 Invocations
 + Level 3.0 Evocations


You had 8 spell levels left.
You knew the following spells:

 Your Spells              Type           Power      Damage    Failure   Level
a - Freeze                Ice            100%       1d11      1%          1
b - Frozen Ramparts       Ice            58%        1d7       1%          3
c - Ozocubu's Armour      Ice            29%        N/A       1%          3
d - Poisonous Vapours     Pois/Air       24%        N/A       8%          2
e - Sandblast             Erth           24%        2d8       4%          1

Your spell library contained the following spells:

 Spells                   Type           Power      Damage    Failure   Level
 Ensorcelled Hibernation  Hex/Ice        40%        N/A       2%          2
 Animate Skeleton         Necr           24%        N/A       4%          1
 Pain                     Necr           48%        1d6       4%          1
 Shock                    Conj/Air       48%        1d6       4%          1
 Slow                     Hex            48%        N/A       4%          1
 Corpse Rot               Necr/Air       24%        N/A       8%          2
 Spider Form              Tmut/Pois      12%        N/A       14%         3
 Vampiric Draining        Necr           12%        2d6       16%         3
 Hailstorm                Conj/Ice       20%        3d6       17%         4
 Airstrike                Air            6%         N/A       45%         4
 Anguish                  Hex/Necr       6%         N/A       45%         4
 Summon Lightning Spire   Summ/Air       12%        N/A       45%         4
 Lightning Bolt           Conj/Air       6%         1d18      80%         5
 Ozocubu's Refrigeration  Ice            14%        4d7       99%         7


Dungeon Overview and Level Annotations

Branches:
Dungeon (5/15)              Sewer (visited)
 Temple: D:4-7

Altars:

Shops:
D:2 !

Annotations:
D:3 2 transporters


Innate Abilities, Weirdness & Mutations

You have very sharp teeth.
Your uncanny sense of smell can sniff out nearby items.
Your experience applies equally to all skills.


Message History

An orc priest comes into view. It is wielding a +0 whip.
The bullfrog zombie completely resists.
The wall freezes the bullfrog zombie but does no damage.
The bullfrog zombie closely misses you.
Unknown command.
Your frozen ramparts will break if you move.
Continue?
The frozen ramparts melt away as you move.
The orc priest suddenly jeers, as Orcs often do.
The bullfrog zombie hits you.
* * * LOW HITPOINT WARNING * * *
Casting: Sandblast (safe; 5% risk of failure)
Confirm with . or Enter, or press ? or * to list all spells.
Aiming: Sandblast (safe; 5% risk of failure)
Press: ? - help, Shift-Dir - straight line, f/p - bullfrog zombie
Aim: a bullfrog zombie (severely damaged, 87% to hit)
The blast of sand hits the bullfrog zombie!
You destroy the bullfrog zombie!
Casting: Sandblast (safe; 4% risk of failure)
Confirm with . or Enter, or press ? or * to list all spells.
Casting: Frozen Ramparts (safe; 1% risk of failure)
Press: ? - help, Dir - look around, f - activate The walls around you are covered in ice.
The wall freezes the orc.
The orc hits you with a +0 flail!
* * * LOW HITPOINT WARNING * * *
Casting: Frozen Ramparts (safe; 1% risk of failure)
Confirm with . or Enter, or press ? or * to list all spells.
A film of ice covers your body!
The wall freezes the orc priest.
The wall freezes the orc!
You kill the orc!
Casting: Ozocubu's Armour (safe; 1% risk of failure)
Confirm with . or Enter, or press ? or * to list all spells.
Aiming: Sandblast (safe; 4% risk of failure)
Press: ? - help, Shift-Dir - straight line, f - orc priest
Aim: an orc priest, wielding a +0 whip (lightly wounded, 79% to hit)
The blast of sand hits the orc priest.
The orc priest is heavily wounded.
The wall freezes the orc priest.
The orc priest mumbles some strange prayers to Beogh against you.
Pain shoots through your body!
You die...

........### ....## #
..........# #...##.#
.##.#####.# #......#
..#.# #[# #<..####
....# #.# ##o##
..>.## #.# #.#
.....####.### #.#
............######.#
................@)o#
[.##.####...######.#
####...............#
#################


You could see an orc priest.

Vanquished Creatures
  Sigmund (D:4)
  Duvessa (D:4)
  A black bear (D:5)
  2 bullfrogs (Sewer)
  A water moccasin skeleton (D:5)
  Dowan (D:4)
  A bullfrog zombie (D:5)
  3 hounds (D:4)
  An orc priest (D:4)
  An orc wizard (D:4)
  Robin (D:3)
  11 adders
  2 river rats (D:3)
  A worm (D:2)
  A dart slug (D:1)
  4 orcs
  13 ball pythons
  5 endoplasms
  12 giant cockroaches
  6 hobgoblins
  7 quokkas
  9 bats
  12 frilled lizards
  12 goblins
  9 kobolds
  5 rats
123 creatures vanquished.

Notes
Turn   | Place    | Note
-------+----------+-------------------------------------------
     0 | D:1      | Bruhh the Gnoll Ice Elementalist began the quest for the
                  | Orb.
     0 | D:1      | Reached XP level 1. HP: 13/13 MP: 6/6
   134 | D:1      | Found a faded altar of an unknown god.
   215 | D:1      | Reached XP level 2. HP: 19/19 MP: 5/7
  1100 | D:2      | Reached XP level 3. HP: 21/25 MP: 7/9
  1104 | D:2      | Learned a level 3 spell: Frozen Ramparts
  1108 | D:2      | Learned a level 3 spell: Ozocubu's Armour
  1153 | D:2      | Reached skill level 5 in Spellcasting
  1187 | D:2      | Found Caeb's Distillery.
  1238 | D:2      | Reached skill level 1 in Invocations
  1252 | D:2      | Reached skill level 1 in Fighting
  1252 | D:2      | Reached skill level 1 in Short Blades
  1252 | D:2      | Reached skill level 1 in Long Blades
  1252 | D:2      | Reached skill level 1 in Axes
  1252 | D:2      | Reached skill level 1 in Maces & Flails
  1252 | D:2      | Reached skill level 1 in Polearms
  1252 | D:2      | Reached skill level 1 in Staves
  1252 | D:2      | Reached skill level 1 in Slings
  1252 | D:2      | Reached skill level 1 in Bows
  1252 | D:2      | Reached skill level 1 in Crossbows
  1252 | D:2      | Reached skill level 1 in Throwing
  1252 | D:2      | Reached skill level 1 in Armour
  1252 | D:2      | Reached skill level 1 in Shields
  1252 | D:2      | Reached skill level 1 in Unarmed Combat
  1252 | D:2      | Reached skill level 1 in Evocations
  1640 | D:2      | Reached XP level 4. HP: 32/32 MP: 8/11
  2281 | D:2      | Reached skill level 1 in Conjurations
  2281 | D:2      | Reached skill level 1 in Hexes
  2281 | D:2      | Reached skill level 1 in Summonings
  2281 | D:2      | Reached skill level 1 in Necromancy
  2281 | D:2      | Reached skill level 1 in Translocations
  2281 | D:2      | Reached skill level 1 in Transmutations
  2281 | D:2      | Reached skill level 1 in Fire Magic
  2281 | D:2      | Reached skill level 1 in Air Magic
  2281 | D:2      | Reached skill level 1 in Earth Magic
  2281 | D:2      | Reached skill level 1 in Poison Magic
  2419 | D:3      | Found a glowing drain.
  2421 | D:3      | Noticed Robin
  2500 | D:3      | Killed Robin
  2501 | D:3      | Reached XP level 5. HP: 33/37 MP: 3/12
  2630 | Sewer    | Entered a sewer
  3161 | Sewer    | Reached XP level 6. HP: 17/44 MP: 7/13
  3166 | Sewer    | Reached skill level 5 in Dodging
  3839 | D:3      | Found a transporter.
  3844 | D:3      | Found a transporter.
  4307 | D:4      | Noticed Sigmund
  4313 | D:4      | Learned a level 2 spell: Poisonous Vapours
  4321 | D:4      | Killed Sigmund
  4322 | D:4      | Reached XP level 7. HP: 41/51 MP: 14/15
  4628 | D:4      | Noticed Duvessa
  4628 | D:4      | Noticed Dowan
  4638 | D:4      | Killed Dowan
  4640 | D:4      | Killed Duvessa
  4641 | D:4      | Reached skill level 5 in Stealth
  4774 | D:4      | Got Kuthrefeg's Introduction to Theurgy
  4795 | D:4      | Learned a level 1 spell: Sandblast
  5257 | D:5      | Entered Level 5 of the Dungeon
  5791 | D:5      | Reached XP level 8. HP: 42/57 MP: 16/16
  5896 | D:5      | Killed from afar by an orc priest

Illustrated notes

Levels and vault maps discovered:
D:1:      lightli_arrival_boilingwater, layout_basic,
          dreamdust_ecumenical_altar_angels_and_demons
D:2:      minmay_alternating_diamond, layout_basic, serial_shops, shop_statue,
          minmay_tromino_mix6
D:3:      gammafunk_steamed_eel, layout_rooms, cheibrodos_sewer_entry_sluice,
          uniq_robin
D:4:      layout_loops_corners, minmay_manual_mail, uniq_duvessa, uniq_sigmund
D:5:      layout_loops_ring, minmay_temple_entry_nine_rooms

Skill      XL: |  1  2  3  4  5  6  7  8 |
---------------+-------------------------+-----
Spellcasting   | 5 |  5.9
Invocations    | 1 2 3 |  3.3
Fighting       | 1 2 3 |  3.0
Short Blades   | 1 2 3 |  3.0
Long Blades    | 1 2 3 |  3.0
Axes           | 1 2 3 |  3.0
Maces & Flails | 1 2 3 |  3.0
Polearms       | 1 2 3 |  3.0
Staves         | 1 2 3 |  3.0
Slings         | 1 2 3 |  3.0
Bows           | 1 2 3 |  3.0
Crossbows      | 1 2 3 |  3.0
Throwing       | 1 2 3 |  3.0
Armour         | 1 2 3 |  3.0
Shields        | 1 2 3 |  3.0
Unarmed Combat | 1 2 3 |  3.0
Evocations     | 1 2 3 |  3.0
Conjurations   | 1 2 |  2.4
Hexes          | 1 2 |  2.4
Summonings     | 1 2 |  2.4
Necromancy     | 1 2 |  2.4
Translocations | 1 2 |  2.4
Transmutations | 1 2 |  2.4
Fire Magic     | 1 2 |  2.4
Air Magic      | 1 2 |  2.4
Earth Magic    | 1 2 |  2.4
Poison Magic   | 1 2 |  2.6
Dodging        | 5 |  5.5
Stealth        | 5 |  5.2
Ice Magic      | |  7.5

Action                   |  1- 3 |  4- 6 |  7- 9 || total
-------------------------+-------+-------+-------++-------
Melee: Unarmed           |    10 |    28 |     4 ||    42
       Bite              |     1 |     6 |     3 ||    10
       Punch             |     1 |       |       ||     1
       Short sword       |       |       |     7 ||     7
 Cast: Freeze            |    46 |    89 |    30 ||   165
       Frozen Ramparts   |       |     5 |     4 ||     9
       Ozocubu's Armour  |       |     3 |     4 ||     7
       Poisonous Vapours |       |     2 |     3 ||     5
       Sandblast         |       |       |    15 ||    15
 Stab: Sleeping          |       |     1 |       ||     1
Armor: Robe              |     5 |    35 |    10 ||    50
Dodge: Dodged            |    31 |    89 |    44 ||   164
